 Dungeon Crawl Stone Soup version 0.32-a0-40-g2adb59ae06 (console) character file.

Game seed: 10960949898940474665

9 petzl the Sneak (level 2, -2/24 HPs)
             Began as a Formicid Delver on Jan 24, 2024.
             Splashed by a jelly's acid (12 damage)
             ... on level 5 of the Dungeon.
             The game lasted 00:00:53 (82 turns).

petzl the Sneak (Formicid Delver)                     Turns: 82, Time: 00:00:54

Health: -2/24      AC: -1    Str: 16    XL:     2   Next: 20%
Magic:  4/4        EV: 12    Int:  9    God:
Gold:   14         SH:  0    Dex: 15    Spells: 4/4 levels left

rFire   . . .        a - +0 mace
rCold   . . .        (no shield)
rNeg    . . .        b - +0 leather armour
rPois   .            (helmet unavailable)
rElec   .            (no cloak)
rCorr   .            (no gloves)
SInv    +            (no boots)
Will    .....        (no amulet)
Stlth   +++          (no ring)
HPRegen 0.24/turn    (no ring)
MPRegen 0.09/turn

%: no passive effects
@: corroded
A: permanent stasis, dig shafts and tunnels, antennae 3, four strong arms
a: Dig, Shaft Self


You were on level 5 of the Dungeon.
You visited 1 branch of the dungeon, and saw 2 of its levels.

You collected 14 gold pieces.

Inventory:

Hand Weapons
 a - a +0 mace (weapon)
Armour
 b - a +0 leather armour (worn)
Wands
 f - a wand of digging (3)
Scrolls
 c - a scroll of fog
 d - a scroll of revelation
 e - a scroll of fear


   Skills:
 - Level 3.2 Fighting
 - Level 2.0 Maces & Flails
 - Level 1.7 Dodging
 - Level 6.0 Stealth
 + Level 1.7 Spellcasting


You had 4 spell levels left.
You didn't know any spells.
Your spell library was empty.

Dungeon Overview and Level Annotations

Branches:
Dungeon (6/15)
 Temple: D:4-7

Altars:


Innate Abilities, Weirdness & Mutations

You cannot be hasted, slowed, berserked, paralysed or teleported.
You can dig through walls and to a lower floor.
You have a pair of large antennae on your head. (SInv)
Your four strong arms can wield two-handed weapons with a shield.


Message History

You kill the adder!
You feel very sick.
Your Spellcasting skill increases to level 1!
You have reached level 2!
Unknown command.
Unknown command.
Unknown command.
Unknown command.
Unknown command.
Unknown command.
Unknown command.
You start resting.
You feel sick. x5
You are no longer poisoned.
You start resting.
Magic restored.
You start resting.
HP restored.
There is a stone staircase leading down here.
You climb downwards.
The jelly quivers.
There is a stone staircase leading up here.
The jelly closely misses you.
You climb upwards.
There is a stone staircase leading down here.
Unknown command.
Unknown command.
You hit the jelly.
Your hands burn!
The jelly is lightly wounded.
The jelly barely misses you.
You sock the jelly!
Your hands burn!
The jelly is heavily wounded.
The jelly closely misses you.
You hit the jelly. The acid corrodes you!
Your hands burn!
The jelly is almost dead.
The jelly barely misses you.
You hit the jelly. The acid corrodes you!
Your hands burn!
The jelly is almost dead.
The jelly hits you.
You are splashed with acid!
Ouch! That really hurt!
You die...

##+#### #.....# ##.
#.....# ...
#.....####.#
#.....#.... .#
#.......#.#
....###......#.####
#...........#....#
..####@........#.#
#J..........#
#...........#
#.#.........#
#.#.........#
..#.........#
####.........#
#.........#
#.........#
#.........#
#..........


You could see a jelly.

Vanquished Creatures
  An adder (D:5)
1 creature vanquished.

Notes
Turn   | Place    | Note
-------+----------+-------------------------------------------
     0 | D:5      | petzl the Formicid Delver began the quest for the Orb.
     0 | D:5      | Reached XP level 1. HP: 18/18 MP: 1/1
    19 | D:5      | Reached skill level 1 in Spellcasting
    19 | D:5      | Reached XP level 2. HP: 17/24 MP: 1/4
    82 | D:5      | Splashed by a jelly's acid

Illustrated notes

Levels and vault maps discovered:
D:5:      layout_basic
D:6:      layout_layer_cave, grunt_temple_overflow_order_and_chaos_2,
          mainiacjoe_overflow_alcove_1, serial_bayou, serial_bayou_ford_a,
          serial_bayou_pond_e, serial_bayou_shore_b, serial_bayou_pond_d,
          corexii_checkpoint

Skill      XL: |  1 |
---------------+----+-----
Spellcasting   | 1 |  1.7
Fighting       | |  3.2
Maces & Flails | |  2.0
Dodging        | |  1.7
Stealth        | |  6.0

Action                     || total
---------------------------++-------
  Melee: Mace              ||    12
   Stab: Sleeping          ||     1
 Armour: Leather armour    ||     7
  Dodge: Dodged            ||    10

Table legend: (Time is in decaauts)
 A = Elapsed time spent in this place.
 B = Non-inter-level travel time spent in this place.
 C = Inter-level travel time spent in this place.
 D = Time resting spent in this place.
 E = Time spent auto-exploring this place.
 F = Levels seen in this place.
 G = Mean time per level.
                   A        B        C        D        E       F      G
               +--------+--------+--------+--------+--------+-----+--------+
         Total |     85 |     85 |      0 |     47 |      3 |   2 |   42.5 |
       Dungeon |     85 |     85 |      0 |     47 |      3 |   2 |   42.5 |
               +--------+--------+--------+--------+--------+-----+--------+

Top non-repeatable levels by time:
     D:5: 83 daAuts
     D:6: 1 daAuts
